 Dungeon Crawl Stone Soup version 0.28-a0-479-g5baa6b73be (webtiles) character file.

Game seed: 3074070072591973267

13025 Dabor the Fighter (level 12, -12/65 HPs)
             Began as a Vine Stalker Berserker on Sept 18, 2021.
             Was an Elder of Trog.
             Mangled by an ettin (29 damage)
             ... on level 10 of the Dungeon.
             The game lasted 00:25:56 (10464 turns).

Dabor the Fighter (Vine Stalker Berserker)         Turns: 10464, Time: 00:25:57

Health: -12/65     AC: 25    Str: 23    XL:     12   Next: 1%
Magic:  0/13       EV: 25    Int: 10    God:    Trog [****..]
Gold:   218        SH:  0    Dex: 16    Spells: 11/11 levels left

rFire   . . .      SeeInvis +   s - +5 quarterstaff (chaos)
rCold   . . .      Faith    .   (shield currently unavailable)
rNeg    . . .      Spirit   +   v - +0 plate armour
rPois   .          Reflect  .   E - +1 helmet {Int+3}
rElec   .          Harm     .   r - +2 cloak
rCorr   .          Rampage  .   w - +0 pair of gloves
Will    +....                   G - +0 pair of boots
Stlth   ..........              J - amulet of the acrobat
HPRegen 1.20/turn               j - +4 ring of protection
MPRegen 0.13/turn               k - ring of see invisible

@: on berserk cooldown, acrobatic, slowed, very slow
A: fangs 3, regeneration 1, magic shield, antimagic bite, no potion heal 2
a: Renounce Religion, Berserk, Trog's Hand, Brothers in Arms


You were on level 10 of the Dungeon.
You worshipped Trog.
Trog was greatly pleased with you.
You visited 1 branch of the dungeon, and saw 11 of its levels.

You collected 465 gold pieces.
You spent 247 gold pieces at shops.

Inventory:

Hand Weapons
 s - a +5 quarterstaff of chaos (weapon)
 A - a +5 short sword
Missiles
 m - 6 silver boomerangs
 t - 230 stones
 y - 16 boomerangs (quivered)
 K - 25 poisoned darts
 P - 4 boomerangs of dispersal
 Q - 2 curare-tipped darts
Armour
 r - a +2 cloak (worn)
 v - a +0 plate armour (worn)
 w - a +0 pair of gloves (worn)
 E - a +1 helmet of intelligence (worn)
 G - a +0 pair of boots (worn)
Jewellery
 j - a +4 ring of protection (left hand)
 k - a ring of see invisible (right hand)
 J - an amulet of the acrobat (around neck)
Wands
 h - a wand of digging (5)
 C - a wand of charming (15)
 I - a wand of paralysis (23)
Scrolls
 f - a scroll of fear {unknown}
 g - a scroll of immolation {unknown}
 l - 2 scrolls of brand weapon {unknown}
 n - a scroll of holy word {unknown}
 p - 5 scrolls of teleportation
 z - a scroll of enchant armour
 D - a scroll of magic mapping {unknown}
 N - a scroll of noise
 O - a scroll of blinking {unknown}
 R - a scroll of vulnerability {unknown}
Potions
 b - 3 potions of haste
 c - a potion of mutation {unknown}
 d - a potion of ambrosia
 e - 3 potions of flight
 i - 2 potions of cancellation
 o - a potion of lignification {unknown}
 q - a potion of magic
 u - 2 potions of resistance
 x - a potion of heal wounds
 B - a potion of curing
 F - 2 potions of degeneration {unknown}
 H - a potion of berserk rage {unknown}
 M - a potion of brilliance
Miscellaneous
 a - a piece from Xom's chessboard (15/15)


   Skills:
 * Level 8.3 Fighting
 * Level 8.2 Axes
 + Level 4.9 Throwing
 * Level 7.2 Armour
 * Level 7.3 Dodging
 + Level 7.9 Stealth
 + Level 2.4 Evocations


You had 11 spell levels left.
You didn't know any spells.
Your spell library was empty.

Dungeon Overview and Level Annotations

Branches:
Dungeon (11/15)            Temple (0/1) D:5            Lair (0/6) D:10
    Orc: D:9-12

Altars:
Hepliaklqana
Sif Muna
Uskayaw
Xom
Yredelemnul
The Shining One

Shops:
D:1 =([(   D:5 (


Innate Abilities, Weirdness & Mutations

You have razor-sharp teeth.
Your natural rate of healing is unusually fast.
When hurt, damage is shared between your health and your magic reserves.
Your bite disrupts and absorbs the magic of your enemies.
Potions cannot restore your health.


Message History

You see here a wolf corpse.
You feel a strong urge to attack something.
You are no longer berserk.
You are exhausted.
You feel yourself slow down.
You sock the ettin! Lightning courses through the ettin!
You bite the ettin, but do no damage.
The ettin is moderately wounded.
The ettin barely misses you.
The ettin hits you with a +0 dire flail!!
The ettin hits you but does no damage. x2
You sock the ettin!
The ettin flickers and vanishes for a moment.
Your bite misses the ettin.
The ettin is heavily wounded.
The ettin hits you but does no damage.
The ettin hits you with a +0 dire flail!
The ettin hits you with a +0 dire flail!!
* * * LOW HITPOINT WARNING * * *
The ettin closely misses you.
Okay, then.
The ettin completely misses you. The ettin misses you. The ettin misses you.
The ettin completely misses you.
The ettin hits you with a +0 dire flail.
The ettin completely misses you. The ettin misses you.
The ettin barely misses you.
There is a stone staircase leading up here.
You hear the faint creaking of a portcullis very nearby.
The ettin hits you with a +0 dire flail!
The ettin closely misses you.
You climb upwards.
There is a stone staircase leading down here.
The ettin closely misses you.
The ettin hits you with a +0 dire flail!
* * * LOW HITPOINT WARNING * * *
The ettin misses you. The ettin completely misses you.
The ettin hits you with a +0 dire flail.
* * * LOW HITPOINT WARNING * * *
The ettin hits you with a +0 dire flail!!
You die...

###.#.........................###
..#.#.................<........##
..#.###........######...........#
..#............#....#............
..#####........#.##.#............
...............#.##.#............
..............##.##.#............
........###..###.##..............
........###...##@##..............
........###....#C.........#......
.........................###.....
........................## ##....
...........#.#...........# #.....
....................>....########
...........#.#...........#.#.#.##
.........................#.....##
..................###....'....8#.


You could see an ettin (invisible).

Vanquished Creatures
  3 hydras
  A two-headed ogre (D:9)
  A centaur warrior (D:10)
  2 cyclopes
  Joseph (D:9)
  A freezing wraith (D:10)
  3 trolls
  Grinder (D:5)
  Prince Ribbit (D:9)
  3 yaks (D:10)
  A wyvern (D:9)
  A steam dragon (D:7)
  3 wraiths (D:10)
  3 vampire mosquitoes (D:10)
  Menkaure (D:5)
  5 water moccasins
  3 orc warriors
  A sky beast (D:6)
  Duvessa (D:5)
  3 black bears
  2 ice beasts
  A wolf (D:11)
  2 centaurs
  An ogre (D:5)
  2 phantoms (D:5)
  4 kobold brigands
  Blork the orc (D:5)
  3 bullfrogs
  A gnoll sergeant (D:7)
  A water moccasin zombie (D:5)
  2 scorpions
  A water moccasin skeleton (D:5)
  Dowan (D:5)
  10 killer bees
  5 howler monkeys
  A crimson imp (D:4)
  A centaur zombie (D:8)
  3 hounds (D:5)
  2 bullfrog skeletons
  2 jellies
  2 orc priests
  Crazy Yiuf (D:3)
  A centaur skeleton (D:5)
  An orc wizard (D:7)
  A howler monkey zombie (D:6)
  7 gnolls
  2 howler monkey skeletons
  4 adders
  A shadow imp (D:6)
  A white imp (D:4)
  2 ufetubi (D:6)
  A worm (D:2)
  8 dart slugs
  18 orcs
  2 ball pythons
  9 bats
  5 endoplasms
  4 giant cockroaches
  6 goblins
  12 hobgoblins
  5 quokkas
  6 frilled lizards
  29 kobolds
  A rat (D:3)
  A spectral hobgoblin (D:5)
  A butterfly (D:9)
216 creatures vanquished.

Vanquished Creatures (collateral kills)
  A hydra (D:9)
  The ghost of Heedrag the Destroyer, a novice DEFE of Vehumet (D:10)
  A hornet (D:9)
  A wraith (D:10)
  A centaur zombie (D:9)
  A killer bee zombie (D:8)
  An orc (D:9)
7 creatures vanquished.

Vanquished Creatures (others)
  A shadow imp (D:6)
  4 withered plants (D:5)
5 creatures vanquished.

Grand Total: 228 creatures vanquished

Notes
Turn   | Place    | Note
-------+----------+-------------------------------------------
     0 | D:1      | Dabor the Vine Stalker Berserker began the quest for the
                  | Orb.
     0 | D:1      | Reached XP level 1. HP: 11/11 MP: 2/2
   398 | D:1      | Reached XP level 2. HP: 10/16 MP: 3/3
   533 | D:1      | Found Riddaw's Weapon Shoppe.
   827 | D:1      | Found Hiriar's Jewellery Emporium.
   985 | D:1      | Found Paefayni's Antique Armour Shoppe.
  1053 | D:1      | Found Dyloih's Weapon Shoppe.
  1205 | D:2      | Reached XP level 3. HP: 19/19 MP: 4/4
  1243 | D:2      | Found a faded altar of an unknown god.
  1269 | D:2      | Reached skill level 1 in Stealth
  1324 | D:2      | Reached ** piety under Trog
  2044 | D:3      | Noticed a water moccasin
  2051 | D:3      | Killed a water moccasin
  2052 | D:3      | Gained mutation: Your natural rate of healing is unusually
                  | fast. [Vine Stalker growth]
  2052 | D:3      | Reached XP level 4. HP: 24/24 MP: 5/5
  2052 | D:3      | Reached XP level 5. HP: 28/28 MP: 6/6
  2613 | D:3      | Found a hide-covered altar of Uskayaw.
  2840 | D:3      | Found a runed translucent door.
  2841 | D:3      | Noticed Crazy Yiuf
  2851 | D:3      | Killed Crazy Yiuf
  3429 | D:4      | Reached XP level 6. HP: 23/32 MP: 4/7
  3707 | D:4      | Reached *** piety under Trog
  4225 | D:4      | Noticed a black bear
  4231 | D:4      | Killed a black bear
  4232 | D:4      | Reached XP level 7. HP: 37/37 MP: 8/8
  4985 | D:5      | Entered Level 5 of the Dungeon
  5029 | D:5      | Noticed Duvessa
  5030 | D:5      | Noticed Dowan
  5031 | D:5      | Killed Dowan
  5036 | D:5      | Killed Duvessa
  5064 | D:5      | Reached skill level 1 in Throwing
  5095 | D:5      | Noticed Blork the orc
  5102 | D:5      | Killed Blork the orc
  5103 | D:5      | Gained mutation: You have razor-sharp teeth. [Vine Stalker
                  | growth]
  5103 | D:5      | Reached XP level 8. HP: 35/42 MP: 6/9
  5158 | D:5      | Noticed Grinder
  5160 | D:5      | Paralysed by Grinder for 4 turns
  5168 | D:5      | Killed Grinder
  5223 | D:5      | Reached skill level 5 in Fighting
  5231 | D:5      | Reached skill level 5 in Axes
  5261 | D:5      | Noticed Menkaure
  5285 | D:5      | Killed Menkaure
  5339 | D:5      | Found Fint's Antique Weapon Boutique.
  5423 | D:5      | Reached XP level 9. HP: 47/47 MP: 10/10
  5461 | D:5      | Found a hazy altar of Hepliaklqana.
  5464 | D:5      | Reached **** piety under Trog
  5522 | D:5      | Reached skill level 5 in Stealth
  5659 | D:5      | Found a staircase to the Ecumenical Temple.
  6181 | D:1      | Bought a glowing helmet for 247 gold pieces
  6620 | D:6      | Found a shimmering blue altar of Sif Muna.
  6771 | D:6      | Identified the +2 leather armour of Winter {rPois}
  6917 | D:7      | Reached skill level 5 in Armour
  6917 | D:7      | Reached skill level 5 in Dodging
  7236 | D:7      | Found a basalt altar of Yredelemnul.
  7277 | D:7      | Noticed a cyclops
  7279 | D:7      | Noticed a four-headed hydra
  7285 | D:7      | Noticed a troll
  7288 | D:7      | Killed a cyclops
  7289 | D:7      | Reached XP level 10. HP: 41/53 MP: 8/11
  7382 | D:6      | Killed a four-headed hydra
  7716 | D:8      | Found a glowing golden altar of the Shining One.
  8399 | D:9      | Noticed a five-headed hydra
  8520 | D:9      | Killed a five-headed hydra
  8594 | D:9      | Found a shimmering altar of Xom.
  8596 | D:9      | Noticed Joseph
  8610 | D:9      | Killed Joseph
  8614 | D:9      | Noticed a seven-headed hydra
  8621 | D:9      | Killed a seven-headed hydra
  8622 | D:9      | Reached XP level 11. HP: 46/58 MP: 8/12
  8777 | D:9      | Reached skill level 1 in Evocations
  8799 | D:9      | Noticed a four-headed hydra
  8806 | D:9      | Noticed Prince Ribbit
  8812 | D:9      | Killed a four-headed hydra
  8816 | D:9      | Killed Prince Ribbit
  8831 | D:9      | Paralysed by a hornet for 3 turns
  8872 | D:9      | Noticed a two-headed ogre
  8887 | D:9      | Killed a two-headed ogre
  9468 | D:10     | Entered Level 10 of the Dungeon
  9478 | D:10     | Found a runed translucent gate.
  9528 | D:10     | Noticed a centaur warrior
  9537 | D:10     | Killed a centaur warrior
  9547 | D:10     | Found a staircase to the Lair.
 10014 | D:10     | Found a runed translucent gate.
 10014 | D:10     | Found a runed translucent gate.
 10019 | D:10     | Noticed Heedrag's ghost (novice DEFE)
 10353 | D:10     | Killed Heedrag's ghost
 10437 | D:11     | Noticed a cyclops
 10443 | D:11     | Killed a cyclops
 10443 | D:11     | Noticed an ettin
 10444 | D:11     | Reached XP level 12. HP: 65/65 MP: 13/13
 10464 | D:10     | Mangled by an ettin

Illustrated notes

Levels and vault maps discovered:
D:1:      psy_arrival_heroes, layout_loops_cross, serial_shops,
          nicolae_shop_stone, nicolae_shop_temple_entry_statues_fountains, shop,
          shop_statue
D:2:      layout_basic, hellmonk_ecumenical_altar_arch_garden,
          minmay_crystal_room
D:3:      layout_basic, mainiacjoe_overflow_paths, grunt_ministairs_15,
          uniq_crazy_yiuf_cottage
D:4:      kennysheep_slugbush, layout_layer_cave, minmay_misc_feat_diagonals,
          minmay_fire_ice_demons
D:5:      layout_loops_ring, nicolae_hepliaklqana_monster_ancestors,
          temple_hall, serial_shops, shop, serial_undead, serial_undead_b,
          serial_undead_f, serial_undead_e, serial_undead_b, fountainhead,
          serial_park_tiny_1, uniq_menkaure, uniq_duvessa, uniq_blork_the_orc,
          uniq_grinder
D:6:      layout_gridville, nicolae_sif_muna_little_library
D:7:      minmay_cornered_nines, layout_gridville,
          mainiacjoe_overflow_small_starburst, minmay_misc_feat_secret_circle
D:8:      layout_loops_ring, tso_metal_star
D:9:      minmay_diamond_stairs, layout_gridville, xom_butterflies,
          corexii_corridor_pit, uniq_joseph, uniq_prince_ribbit1
D:10:     layout_big_octagon, dpeg_oklobed_lair, serial_co_window_serial,
          co_window_paths_a, co_window_paths_a, co_window_paths_b,
          co_window_corner_a, co_window_paths_a, co_window_unsneaky_path_a,
          co_window_unsneaky_path_b, co_window_of_opportunity_b,
          co_window_unsneaky_path_b, co_window_4corner_b, co_window_4corner_a,
          glass_columns_b, glass_columns_b, glass_columns_a,
          gammafunk_ghost_spectres
D:11:     giant_chief_lemuel, layout_cave_pools, enter_bailey_5, uniq_grum

Skill      XL: |  1  2  3  4  5  6  7  8  9 10 11 |
---------------+----------------------------------+-----
Axes           | 3 4 5 6 7 8 |  8.2
Stealth        | 2 3 4 6 7 |  7.9
Fighting       | 3 4 5 6 7 8 |  8.3
Armour         | 2 3 4 5 6 7 |  7.2
Dodging        | 2 3 4 5 6 7 |  7.3
Throwing       | 1 2 3 4 |  4.9
Evocations     | 2 |  2.4

Action                   |  1- 3 |  4- 6 |  7- 9 | 10-12 || total
-------------------------+-------+-------+-------+-------++-------
Melee: Rapier            |    81 |       |       |       ||    81
       Bite              |    14 |    13 |    68 |    70 ||   165
       Short sword       |     5 |    37 |       |       ||    42
       Quarterstaff      |       |    24 |   203 |   248 ||   475
Throw: Stone             |       |   115 |    21 |    18 ||   154
       Boomerang         |       |       |       |    19 ||    19
Invok: Berserk           |     3 |     6 |     9 |    11 ||    29
       Trog's Hand       |     1 |     1 |       |     1 ||     3
       Brothers in Arms  |       |       |     1 |     4 ||     5
Evoke: Piece from Xom's  |       |       |       |     1 ||     1
  Use: Scroll            |       |       |       |    16 ||    16
       Potion            |       |       |       |     1 ||     1
 Stab: Sleeping          |     4 |     2 |       |       ||     6
       Confused          |       |       |     1 |       ||     1
Armor: Animal skin       |    22 |       |       |       ||    22
       Ring mail         |     2 |    14 |       |       ||    16
       Plate armour      |       |    37 |   212 |   349 ||   598
Dodge: Dodged            |    60 |    39 |   115 |   270 ||   484

Table legend: (Time is in decaauts)
 A = Elapsed time spent in this place.
 B = Non-inter-level travel time spent in this place.
 C = Inter-level travel time spent in this place.
 D = Time resting spent in this place.
 E = Time spent auto-exploring this place.
 F = Levels seen in this place.
 G = Mean time per level.
                   A        B        C        D        E       F      G
               +--------+--------+--------+--------+--------+-----+--------+
         Total |  10953 |   9833 |   1120 |    503 |   6834 |  11 |  995.7 |
       Dungeon |  10953 |   9833 |   1120 |    503 |   6834 |  11 |  995.7 |
               +--------+--------+--------+--------+--------+-----+--------+

Top non-repeatable levels by time:
     D:4: 1882 daAuts
     D:1: 1386 daAuts
     D:9: 1164 daAuts
     D:3: 1146 daAuts
    D:10: 1037 daAuts
     D:5: 999 daAuts
     D:2: 940 daAuts
     D:7: 895 daAuts
     D:8: 731 daAuts
     D:6: 718 daAuts
    D:11: 50 daAuts
